AoeStats
← LaUlrich

Nomad

510259297Analyzed
2v2 RM · 1d ago on Sep 30, 2026· 34m 49s· 4 players
Game mode
Random Map
Map size
176×176
Population
200
Speed
Normal
Resources
Standard
Victory
Conquest
Starting age
Dark Age
Ending age
Imperial Age
RankedLock teamsTeams togetherTeam positionsShared explorationLock speedFull tech treeHidden civsTurbo modeCheats
Victory
Defeat
🇲🇽 Varangians · Mexico
1188
+15
🇲🇽 Mongols · Mexico
1110
+18
🇳🇿 Malay · New Zealand
1186
-18
🇩🇪 Turks · Germany
1119
-15
Ranilla_Sr Bernabe
3:39 Loom
14:40 Feudal Age
19:04 Castle Age
17:03 Double-Bit Axe
18:07 Scale Mail Armor
18:17 Forging
33:01 Horse Collar
LaUlrich
4:01 Loom
14:05 Feudal Age
18:12 Castle Age
17:19 Fletching
20:25 Double-Bit Axe
28:07 Padded Archer Armor
28:24 Gold Mining
MagnificentBaby
4:59 Loom
12:33 Feudal Age
17:15 Castle Age
15:21 Stone Mining
23:55 Gold Mining
32:14 Fletching
32:46 Horse Collar
Bongo12
7:43 Loom
16:53 Feudal Age
16:52 Double-Bit Axe
21:19 Castle Age
21:37 Fletching
22:28 Bodkin Arrow
23:10 Husbandry
23:29 Bow Saw
24:59 Thumb Ring
30:41 Ballistics
32:26 Light Cavalry
33:29 Arson
33:45 Squires
Connection lost

Rejoining the realm…

Still unreachable

The connection could not be restored.

Session expired

The server has moved on; the page needs a fresh start.